AoeStats
← Master Zio

Arena

509747545Analyzed
1v1 RM · 4d ago on Sep 27, 2026· 47m 58s· 2 players
Game mode
Random Map
Map size
Tiny (2 player)
Population
200
Speed
Normal
Resources
Standard
Victory
Conquest
Starting age
Dark Age
Ending age
Imperial Age
RankedLock teamsTeams togetherTeam positionsShared explorationLock speedFull tech treeHidden civsTurbo modeCheats
Victory
Defeat
🇦🇷 Vietnamese · Argentina
920
+16
🇦🇷 Bulgarians · Argentina
910
-16
alanlenid
10:51 Feudal Age
9:52 Loom
11:17 Double-Bit Axe
19:18 Castle Age
27:53 Fletching
30:47 Imperial Age
28:31 Horse Collar
28:44 Gold Mining
30:27 Bodkin Arrow
30:34 Padded Archer Armor
30:01 Elite Skirmisher
32:11 Wheelbarrow
32:46 Bracer
33:02 Leather Archer Armor
35:18 Heavy Plow
37:21 Hand Cart
37:34 Thumb Ring
41:50 Chemistry
41:06 Masonry
42:21 Pikeman
44:20 Scale Mail Armor
44:30 Forging
46:23 Iron Casting
46:04 Chain Mail Armor
47:47 Blast Furnace
Master Zio
3:52 Loom
12:10 Feudal Age
13:08 Double-Bit Axe
16:35 Castle Age
15:17 Gold Mining
23:52 Bow Saw
23:27 Horse Collar
25:22 Wheelbarrow
26:03 Heavy Plow
26:40 Hand Cart
30:45 Imperial Age
30:37 Stone Mining
31:52 Stone Shaft Mining
32:01 Block Printing
32:54 Two-Man Saw
32:48 Fletching
32:59 Padded Archer Armor
34:12 Illumination
35:29 Paper Money
37:51 Husbandry
38:02 Bloodlines
37:12 Light Cavalry
38:00 Cavalier
38:50 Scale Barding Armor
38:40 Bodkin Arrow
39:01 Leather Archer Armor
40:02 Chemistry
42:40 Chain Barding Armor
46:52 Town Watch
47:42 Elite Rattan Archer
Connection lost

Rejoining the realm…

Still unreachable

The connection could not be restored.

Session expired

The server has moved on; the page needs a fresh start.